[Event "Titled Tuesday Blitz August 17 2021"]
[White "Shtyka, Sergey"]
[Black "Kanyamarala, Trisha"]
[WhiteFideId "4138465"]
[BlackFideId "45004722"]
[WhiteElo "2064"]
[BlackElo "2074"]
[Result "1/2-1/2"]
[Round "09"]
[TimeControl "180+1"]
[Date "2021.08.18"]
[WhiteClock "0:00:04"]
[BlackClock "0:00:02"]

1. e4 c5 2. Nf3 d6 3. d4 cxd4 4. Nxd4 Nf6 5. Nc3 Nc6 6. Bc4 e6 7. O-O a6 8. Be3 Be7 9. f4 Qc7 10. Bd3 O-O 11. Qf3 Bd7 12. Rae1 Nxd4 13. Bxd4 Bc6 14. Qh3 e5 15. Be3 b5 16. a3 Rab8 17. Rf3 Qb7 18. fxe5 dxe5 19. Bg5 Rbd8 20. Bxf6 Bxf6 21. Nd5 Bxd5 22. exd5 Qb6+ 23. Kh1 h6 24. Qf5 Rfe8 25. Be4 Rd6 26. Ref1 Kf8 27. Rc3 g6 28. Qh3 Kg7 29. Rd1 Bg5 30. Rc6 Rxc6 31. dxc6 Rd8 32. Rf1 f5 33. Bxf5 gxf5 34. Qxf5 Qxc6 35. Qf7+ Kh8 36. h3 Rg8 37. c3 Bf4 38. Rf3 Qg6 39. Qxg6 Rxg6 40. Kg1 Kg7 41. Kf2 Rd6 42. Ke1 Bc1 43. b3 Bxa3 44. Ke2 Bc1 45. g4 Rd2+ 46. Ke1 Rd6 47. b4 e4 48. Rf5 Bg5 49. Re5 e3 50. Ke2 Rd2+ 51. Ke1 Rh2 52. h4 Rxh4 53. Ke2 Rxg4 54. Kf3 Rf4+ 55. Ke2 Rf2+ 56. Ke1 Rb2 57. c4 bxc4 58. b5 Rxb5 59. Re6 Rb1+ 60. Ke2 Rb2+ 61. Ke1 e2 62. Re4 Kf6 63. Kf2 Bh4+ 64. Kf3 e1=Q 65. Rf4+ Kg5 66. Rf5+ Kxf5 1/2-1/2


[Site "https://www.chess.com"]

[Event "Titled Tuesday Blitz August 17 2021"]
[White "Silva, Miguel Antonio Neto"]
[Black "Shahade, Gregory"]
[WhiteFideId "1911929"]
[BlackFideId "2009064"]
[WhiteElo "2283"]
[BlackElo "2677"]
[Result "0-1"]
[Round "09"]
[TimeControl "180+1"]
[Date "2021.08.17"]
[WhiteClock "0:00:23"]
[BlackClock "0:00:14"]

1. e4 e5 2. Nf3 Nc6 3. Bb5 a6 4. Ba4 Nf6 5. O-O Be7 6. d3 b5 7. Bb3 d6 8. a4 Bd7 9. Bg5 O-O 10. Nc3 b4 11. Bxf6 Bxf6 12. Nd5 g6 13. Nxf6+ Qxf6 14. Bd5 Rab8 15. Bxc6 Bxc6 16. b3 Bd7 17. Nd2 c6 18. Qe2 d5 19. Rae1 Rfe8 20. Qe3 d4 21. Qg3 Be6 22. f4 exf4 23. Rxf4 Qe5 24. Qf2 Qc5 25. Nf3 Rbd8 26. e5 Bc8 27. Re2 Re7 28. h3 Qc3 29. Rxd4 Rxd4 30. Qxd4 Qxd4+ 31. Nxd4 c5 32. Nf3 Bb7 33. Kf2 Kg7 34. Nd2 h5 35. g3 Bd5 36. h4 Re8 37. Nf3 Rd8 38. Ke3 Be6 39. Ng5 Bg4 40. Rf2 Bf5 41. Rf4 Rd5 42. Nf3 f6 43. exf6+ Kxf6 44. Nd2 Kg7 45. Ne4 Re5 46. Kd2 Rd5 47. Rf2 Bxe4 48. Rf4 Bf5 49. Ke3 Re5+ 50. Kd2 Kf6 51. Rf2 Ke6 52. Rf4 Kd6 53. Rf2 Kc6 54. Rf4 Rd5 55. Rf2 Rd4 56. Re2 Rg4 57. Re3 Kd6 58. Ke2 Be6 59. Kf3 g5 60. hxg5 Rxg5 61. Kf4 Rf5+ 62. Ke4 Re5+ 63. Kf3 Rxe3+ 64. Kxe3 Ke5 65. Kd2 Kd4 66. Kc1 Kc3 67. Kd1 Bxb3 68. cxb3 Kxd3 0-1


[Site "https://www.chess.com"]

[Event "Titled Tuesday Blitz August 17 2021"]
[White "Sokolin, Leonid"]
[Black "Idrisov, Ildar F"]
[WhiteFideId "2009161"]
[BlackFideId "4151020"]
[WhiteElo "2394"]
[BlackElo "2209"]
[Result "1-0"]
[Round "09"]
[TimeControl "180+1"]
[Date "2021.08.17"]
[WhiteClock "0:01:37"]
[BlackClock "0:01:24"]

1. e4 d5 2. exd5 Qxd5 3. Nc3 Qd6 4. d4 a6 5. g3 Nf6 6. Bf4 Qb6 7. a3 e6 8. Nge2 Bd6 9. Bxd6 cxd6 10. Bg2 O-O 11. O-O Bd7 12. Qd2 Rc8 13. d5 e5 14. h3 Bf5 15. g4 Bg6 16. Ng3 Nbd7 17. Rab1 Rc7 18. h4 h6 19. h5 Bh7 20. g5 hxg5 21. Qxg5 Qd4 22. h6 Bg6 23. hxg7 Kxg7 24. Nf5+ 1-0


[Site "https://www.chess.com"]

[Event "Titled Tuesday Blitz August 17 2021"]
[White "Sokolovsky, Yahli"]
[Black "Korchmar, Vasiliy"]
[WhiteFideId "2820242"]
[BlackFideId "24131750"]
[WhiteElo "1770"]
[BlackElo "2370"]
[Result "0-1"]
[Round "09"]
[TimeControl "180+1"]
[Date "2021.08.17"]
[WhiteClock "0:00:04"]
[BlackClock "0:00:42"]

1. b3 c5 2. Bb2 Nc6 3. e3 e5 4. Bb5 Nge7 5. c4 g6 6. f4 Bg7 7. Nf3 O-O 8. fxe5 d6 9. d4 dxe5 10. d5 Nb4 11. a3 e4 12. Bxg7 Nd3+ 13. Kd2 Kxg7 14. Ne1 Nf2 15. Qe2 Nxh1 16. Nc3 a6 17. Ba4 b5 18. cxb5 Nxd5 19. Nxd5 Qxd5+ 20. Kc2 Be6 21. Rd1 Qb7 22. bxa6 Rxa6 23. g3 Rxa4 24. bxa4 Qb3+ 25. Kc1 Rb8 26. Qc2 Qxa3+ 27. Kd2 Rb2 0-1


[Site "https://www.chess.com"]

[Event "Titled Tuesday Blitz August 17 2021"]
[White "Sonis, Francesco"]
[Black "Steinberg, Nitzan"]
[WhiteFideId "895733"]
[BlackFideId "2801795"]
[WhiteElo "2632"]
[BlackElo "2741"]
[Result "1-0"]
[Round "09"]
[TimeControl "180+1"]
[Date "2021.08.17"]
[WhiteClock "0:01:52"]
[BlackClock "0:01:11"]

1. Nf3 d5 2. c4 e6 3. g3 Nf6 4. Bg2 b6 5. O-O Bb7 6. cxd5 exd5 7. d4 Bd6 8. Nc3 a6 9. Bg5 O-O 10. Qb3 Nbd7 11. Nh4 c6 12. Nf5 Bc7 13. e4 h6 14. Bxf6 Nxf6 15. exd5 Nxd5 16. Nxd5 cxd5 17. Ne3 b5 18. Rac1 Bb6 19. Bxd5 Bxd5 20. Nxd5 Bxd4 21. Rfd1 Ba7 22. Nc7 Qf6 23. Nxa8 Rxa8 24. Rc2 Re8 25. Kg2 h5 26. Qf3 Qg6 27. Rc6 Re6 28. Rd8+ Kh7 29. Rxe6 fxe6 30. Qd3 1-0


[Site "https://www.chess.com"]

[Event "Titled Tuesday Blitz August 17 2021"]
[White "Sovetbekova, Nurai"]
[Black "Tokman, Ariel"]
[WhiteFideId "13801910"]
[BlackFideId "117420"]
[WhiteElo "1516"]
[BlackElo "2345"]
[Result "0-1"]
[Round "09"]
[TimeControl "180+1"]
[Date "2021.08.18"]
[WhiteClock "0:00:28"]
[BlackClock "0:00:07"]

1. d4 d5 2. c4 c6 3. Nf3 Nf6 4. e3 Bg4 5. Nc3 e6 6. Qb3 Qb6 7. h3 Bxf3 8. gxf3 Nbd7 9. Bd3 Be7 10. e4 dxe4 11. fxe4 e5 12. Qxb6 axb6 13. d5 Nc5 14. Ke2 O-O 15. Rg1 g6 16. Be3 Nxd3 17. Kxd3 Nd7 18. f3 Nc5+ 19. Ke2 f5 20. exf5 Rxf5 21. Ne4 cxd5 22. cxd5 Rh5 23. Bxc5 bxc5 24. d6 Bd8 25. Nxc5 Rxh3 26. Rg2 Kf7 27. Nxb7 Ke6 28. b4 Bb6 29. Nc5+ Kxd6 30. Rd1+ Kc6 31. Rc1 Rxa2+ 32. Ke3 Rxg2 33. Ke4 Bxc5 34. Rxc5+ Kd6 35. Rd5+ Kc6 36. Rc5+ Kb6 37. Kxe5 Re2+ 38. Kf4 Rf2 39. Rc3 Rb2 40. Kg4 Rh5 41. Rd3 Rxb4+ 42. Kg3 Rbb5 43. Rd6+ Kc7 44. Rf6 Rbf5 45. Ra6 Kd7 46. Ra7+ Ke6 47. Ra6+ Kf7 48. Ra7+ Kf6 49. Ra6+ Kg7 50. Ra7+ Rf7 51. Ra6 Rhf5 52. Ra3 h5 53. Rd3 Kh6 54. Re3 R7f6 55. Re8 Rxf3+ 56. Kg2 Ra3 57. Rh8+ Kg5 58. Rb8 Rff3 59. Rb5+ Rf5 60. Rb2 Rc5 61. Re2 Rac3 62. Kg1 Rc1+ 0-1


[Site "https://www.chess.com"]

[Event "Titled Tuesday Blitz August 17 2021"]
[White "Stoyanov, Tsvetan"]
[Black "Obregon, Andres Carlos"]
[WhiteFideId "2917173"]
[BlackFideId "111724"]
[WhiteElo "2191"]
[BlackElo "2572"]
[Result "0-1"]
[Round "09"]
[TimeControl "180+1"]
[Date "2021.08.17"]
[WhiteClock "0:00:01"]
[BlackClock "0:00:56"]

1. e4 d6 2. d4 g6 3. Nc3 Bg7 4. Be3 a6 5. a4 Nd7 6. f4 b6 7. Nf3 Bb7 8. Bd3 e6 9. O-O Ngf6 10. f5 gxf5 11. exf5 e5 12. dxe5 dxe5 13. Ng5 h6 14. Ne6 fxe6 15. fxe6 Nc5 16. Bg6+ Ke7 17. Qe2 Qd6 18. Rad1 Qxe6 19. Bxc5+ bxc5 20. Bf5 Qc6 21. Qxe5+ Kf8 22. Be4 Re8 23. Bxc6 Rxe5 24. Bxb7 a5 25. Nd5 Re6 26. Nf4 Rb6 27. Ng6+ Kg8 28. Nxh8 Rxb7 29. Ng6 Rxb2 30. Ne7+ Kh7 31. Rd2 Ne4 32. Re2 Bd4+ 33. Kh1 Nf2+ 34. Rexf2 Bxf2 35. Nd5 Rxc2 36. Nxc7 c4 37. Nd5 c3 38. h3 Bg3 39. Ne3 Re2 40. Nf5 Be5 41. Rc1 c2 42. Ne3 Rxe3 0-1


[Site "https://www.chess.com"]

[Event "Titled Tuesday Blitz August 17 2021"]
[White "Svane, Rasmus"]
[Black "Wagner, Dennis"]
[WhiteFideId "4657101"]
[BlackFideId "24650684"]
[WhiteElo "2669"]
[BlackElo "2355"]
[Result "0-1"]
[Round "09"]
[TimeControl "180+1"]
[Date "2021.08.17"]
[WhiteClock "0:00:03"]
[BlackClock "0:00:10"]

1. Nf3 Nf6 2. g3 g6 3. Bg2 Bg7 4. O-O O-O 5. d4 d5 6. c3 Nbd7 7. a4 a5 8. Re1 b6 9. Bf4 Nh5 10. Be3 Bb7 11. Qc1 e5 12. dxe5 Nxe5 13. Nxe5 Bxe5 14. Nd2 Bg7 15. Nf3 Nf6 16. Bh6 Qe7 17. Bxg7 Kxg7 18. Qf4 Rad8 19. Rad1 Qd6 20. Qd4 c5 21. Qd2 Qc7 22. Qc2 Rfe8 23. e3 h6 24. Qb3 Bc6 25. Qa2 Ne4 26. Nd2 Nf6 27. Nf3 Rd6 28. Qa1 Qd7 29. b3 Qf5 30. c4 d4 31. Nh4 Qd7 32. exd4 Rxe1+ 33. Rxe1 cxd4 34. Nf3 Qb7 35. Nh4 Bxg2 36. Nxg2 d3 37. Ne3 d2 38. Rd1 Qf3 39. Qb2 Qe2 40. Qe5 Re6 41. Qd4 Rxe3 42. Rxd2 Qe1+ 43. Kg2 Re4 44. Qb2 Re6 45. Rd4 h5 46. Rf4 Qe5 47. Qd2 Rd6 48. Qc2 Re6 49. h3 Nd7 50. Rf3 Nc5 51. Re3 Qf6 52. Rf3 Qd4 53. Rf4 Re4 54. Rf3 Re6 55. h4 Rf6 56. Re3 Qd6 57. Qe2 Qc6+ 58. Kg1 Ne6 59. Qb2 Nc5 60. Qc3 Qd6 61. Rf3 Ne4 62. Qb2 Qd1+ 63. Kh2 Qxf3 64. Qe2 0-1


[Site "https://www.chess.com"]

[Event "Titled Tuesday Blitz August 17 2021"]
[White "Sychev, Klementy"]
[Black "Quparadze, Giga"]
[WhiteFideId "4114060"]
[BlackFideId "13602250"]
[WhiteElo "2615"]
[BlackElo "2658"]
[Result "0-1"]
[Round "09"]
[TimeControl "180+1"]
[Date "2021.08.17"]
[WhiteClock "0:00:41"]
[BlackClock "0:00:57"]

1. d4 Nf6 2. Nf3 b6 3. Bf4 Bb7 4. e3 g6 5. Bd3 Bg7 6. h3 O-O 7. O-O d6 8. Nbd2 Re8 9. Bh2 Nbd7 10. Re1 e5 11. dxe5 dxe5 12. Bc4 Qe7 13. Qe2 a6 14. a4 h6 15. e4 Nh5 16. Qe3 Nf4 17. c3 g5 18. Nb3 Nf6 19. Nfd2 Rad8 20. a5 b5 21. Bf1 Rd6 22. c4 Red8 23. cxb5 axb5 24. Bxb5 Ba8 25. Qc5 Bf8 26. Bxf4 gxf4 27. Nc4 Nxe4 28. Rxe4 Bxe4 29. Nxd6 cxd6 30. Qb6 Qg5 31. Bf1 Bxg2 32. h4 Qg4 33. Qxd8 Bd5+ 34. Kh2 Qf3 0-1


[Site "https://www.chess.com"]

[Event "Titled Tuesday Blitz August 17 2021"]
[White "Tang, Andrew"]
[Black "Paravyan, David"]
[WhiteFideId "2059630"]
[BlackFideId "4194985"]
[WhiteElo "2588"]
[BlackElo "2562"]
[Result "1/2-1/2"]
[Round "09"]
[TimeControl "180+1"]
[Date "2021.08.17"]
[WhiteClock "0:00:03"]
[BlackClock "0:00:04"]

1. d4 f5 2. Nf3 Nf6 3. Bf4 d6 4. e3 h6 5. h4 g6 6. Bc4 Bg7 7. Nc3 e6 8. Qe2 Qe7 9. e4 fxe4 10. Nxe4 Nd5 11. Bd2 Nc6 12. O-O-O Bd7 13. Rhe1 O-O-O 14. Nc3 Qf7 15. Kb1 Rhe8 16. Qd3 Ncb4 17. Qf1 Qf5 18. Bb3 Nc6 19. a3 Nxd4 20. Nxd4 Bxd4 21. Nxd5 exd5 22. Rxe8 Rxe8 23. Bxh6 Bxf2 24. Bxd5 Bxh4 25. Qc4 Bd8 26. Qb4 c6 27. Bf3 Bc7 28. Bg7 g5 29. Bd4 g4 30. Bxa7 gxf3 31. gxf3 Qxf3 32. Rxd6 Re1+ 33. Qxe1 Bxd6 34. Bb6 Qf7 35. Qa5 Be6 36. Qa8+ Bb8 37. b3 Qf1+ 38. Kb2 Qa6 39. Qxa6 bxa6 40. Bd4 Kd7 41. Kc3 Kd6 42. Kb4 Kd5 43. Bb6 Bd6+ 44. Ka4 Bf5 45. c4+ Ke6 46. b4 Kd7 47. b5 axb5+ 48. cxb5 Bc2+ 49. Ka5 c5 50. a4 c4 51. Bd4 Bb3 52. b6 Kc8 53. Kb5 c3 54. Bxc3 Bd1 55. a5 Bf3 56. a6 Be2+ 57. Ka5 Bf3 58. Bd4 Be4 59. Kb5 Bf3 60. Be3 Be2+ 61. Ka5 Bf3 62. Bg5 Be4 63. Bh4 Be5 64. Bf2 Bc3+ 65. Ka4 Be5 66. Kb4 Bd6+ 67. Kc4 Bg2 68. Kb5 Bf4 69. Bc5 Bf1+ 70. Ka5 Bg2 71. Be7 Bf3 72. Bf6 Bd2+ 73. Ka4 Be1 74. Kb3 Bf2 75. b7+ Bxb7 76. axb7+ Kxb7 1/2-1/2


[Site "https://www.chess.com"]

[Event "Titled Tuesday Blitz August 17 2021"]
[White "TengisChess"]
[Black "Shkapenko, Pavel"]
[BlackFideId "4151933"]
[WhiteElo "2469"]
[BlackElo "2386"]
[Result "0-1"]
[Round "09"]
[TimeControl "180+1"]
[Date "2021.08.17"]
[WhiteClock "0:00:58"]
[BlackClock "0:01:34"]

1. Nf3 Nf6 2. g3 d5 3. Bg2 Bg4 4. O-O c6 5. c4 e6 6. d3 Nbd7 7. Nc3 Be7 8. e4 dxe4 9. dxe4 O-O 10. Qe2 e5 11. h3 Bxf3 12. Bxf3 Bc5 13. Kg2 Qe7 14. a3 Rfd8 15. Qc2 Bd4 16. Ne2 Nc5 17. Bd2 Ne6 18. Rad1 h6 19. Bg4 Nc5 20. Bb4 a5 21. Bxc5 Bxc5 22. Bf3 Rxd1 23. Rxd1 Rd8 24. Rd3 Rd6 25. Nc1 Rxd3 26. Nxd3 Bd4 27. b4 axb4 28. axb4 g6 29. Qa4 Kg7 30. Qa8 Qd7 31. c5 Bc3 32. Qa3 Qxd3 33. Qa7 Qd2 34. Qxb7 Bd4 35. Qxc6 Qxf2+ 36. Kh1 Qg1# 0-1


[Site "https://www.chess.com"]

[Event "Titled Tuesday Blitz August 17 2021"]
[White "Terletsky, Oleg"]
[Black "Valle Maytin, Luis Enrique"]
[WhiteFideId "14116774"]
[BlackFideId "3503666"]
[WhiteElo "2073"]
[BlackElo "2198"]
[Result "0-1"]
[Round "09"]
[TimeControl "180+1"]
[Date "2021.08.18"]
[WhiteClock "0:00:11"]
[BlackClock "0:00:04"]

1. e4 c6 2. d4 d5 3. Nc3 dxe4 4. Nxe4 Nf6 5. Nxf6+ exf6 6. Bc4 Bd6 7. Qe2+ Qe7 8. Qxe7+ Kxe7 9. Ne2 Be6 10. Bd3 Re8 11. Bf4 Nd7 12. Bxd6+ Kxd6 13. O-O-O g6 14. f3 a5 15. a3 b5 16. h4 h5 17. Nf4 Nf8 18. Rhe1 Bd7 19. Kd2 Ne6 20. Nxe6 Rxe6 21. c3 Rae8 22. g3 Rxe1 23. Rxe1 Rxe1 24. Kxe1 Be6 25. Kd2 f5 26. Ke3 f6 27. Bc2 a4 28. Bd3 Bd5 29. g4 hxg4 30. fxg4 fxg4 31. Bxg6 g3 32. h5 Ke7 33. h6 Kf8 34. c4 bxc4 35. Bc2 Kf7 36. Bxa4 Kg6 37. Bc2+ Kxh6 38. a4 Kg5 39. a5 f5 40. Bxf5 Kxf5 41. a6 g2 42. Kf2 Ke4 43. a7 c5 44. dxc5 Kd3 45. Kg1 Kc2 0-1


[Site "https://www.chess.com"]

[Event "Titled Tuesday Blitz August 17 2021"]
[White "Tharushi, T H D Niklesha"]
[Black "Papasimakopoulos, Alexandros"]
[WhiteFideId "9918264"]
[BlackFideId "4244125"]
[WhiteElo "1595"]
[BlackElo "2352"]
[Result "0-1"]
[Round "09"]
[TimeControl "180+1"]
[Date "2021.08.17"]
[WhiteClock "0:00:17"]
[BlackClock "0:01:19"]

1. e4 e6 2. d4 d5 3. e5 b6 4. Nf3 Ba6 5. Bxa6 Nxa6 6. O-O Qd7 7. b3 c5 8. Nc3 cxd4 9. Nxd4 Bc5 10. Nf3 Ne7 11. a3 Ng6 12. h4 h5 13. Bg5 Be7 14. Re1 Nc5 15. a4 Bxg5 16. hxg5 h4 17. a5 b5 18. Qd4 Na6 19. Rad1 Rc8 20. Ne4 O-O 21. Nd6 Rxc2 22. Nxh4 Qe7 23. Nxg6 fxg6 24. Qd3 Rfxf2 25. Rf1 Rxg2+ 26. Kh1 Rh2+ 27. Kg1 Rcg2# 0-1


[Site "https://www.chess.com"]

[Event "Titled Tuesday Blitz August 17 2021"]
[White "Tikhonov, Viacheslav"]
[Black "Nguyen, Thi Minh Oanh"]
[WhiteFideId "44196407"]
[BlackFideId "12404080"]
[WhiteElo "1773"]
[BlackElo "1825"]
[Result "1-0"]
[Round "09"]
[TimeControl "180+1"]
[Date "2021.08.18"]
[WhiteClock "0:00:03"]
[BlackClock "0:00:13"]

1. e4 c5 2. Nf3 e6 3. b3 d6 4. Bb2 Qc7 5. d4 cxd4 6. Nxd4 Nf6 7. Bd3 a6 8. c4 Be7 9. O-O O-O 10. Kh1 b6 11. Nc3 Bb7 12. f4 Nbd7 13. Rc1 Rac8 14. Qe1 Rfe8 15. Bb1 Qb8 16. Rf3 d5 17. cxd5 exd5 18. e5 Bc5 19. Nf5 d4 20. Ne4 Nxe4 21. Bxe4 Bxe4 22. Qxe4 Nf6 23. Qd3 Nd5 24. Rg3 g6 25. Qf3 Ne3 26. Nxe3 dxe3 27. h3 Red8 28. f5 Bd4 29. Rxc8 Qxc8 30. Bxd4 Rxd4 31. fxg6 hxg6 32. Qxe3 Rd1+ 33. Kh2 Qe6 34. Rf3 Rd5 35. Rf6 Qe7 36. Rxb6 Rxe5 37. Qg3 Ra5 38. Rb8+ Kg7 39. Qc3+ Kh7 40. Qh8# 1-0


[Site "https://www.chess.com"]

[Event "Titled Tuesday Blitz August 17 2021"]
[White "Urazayev, Arystanbek"]
[Black "Timofeev, Artyom"]
[WhiteFideId "13709810"]
[BlackFideId "4140419"]
[WhiteElo "2321"]
[BlackElo "2582"]
[Result "0-1"]
[Round "09"]
[TimeControl "180+1"]
[Date "2021.08.17"]
[WhiteClock "0:00:17"]
[BlackClock "0:01:27"]

1. e4 e6 2. d4 d5 3. e5 c5 4. c3 Nc6 5. Nf3 Qb6 6. a3 f6 7. Bd3 fxe5 8. Nxe5 Nf6 9. O-O cxd4 10. Nxc6 bxc6 11. cxd4 Bd6 12. Nc3 O-O 13. Na4 Qc7 14. h3 e5 15. dxe5 Bxe5 16. Be3 Kh8 17. Rc1 d4 18. Bg5 Be6 19. Nc5 Bd5 20. b4 Qf7 21. f4 Bd6 22. Bxf6 Qxf6 23. Nd7 Qe7 24. Nxf8 Qe3+ 25. Rf2 Rxf8 26. Rc2 Bxf4 27. Re2 Qg3 28. Kf1 Bxg2+ 29. Ke1 Be3 30. Qc2 Bxh3 31. Be4 Qg1+ 0-1


[Site "https://www.chess.com"]

[Event "Titled Tuesday Blitz August 17 2021"]
[White "Volkov, Maksim"]
[Black "Petrovskyi, Vadym"]
[WhiteFideId "54123070"]
[BlackFideId "14165210"]
[WhiteElo "2113"]
[BlackElo "2334"]
[Result "1-0"]
[Round "09"]
[TimeControl "180+1"]
[Date "2021.08.17"]
[WhiteClock "0:00:13"]
[BlackClock "0:00:26"]

1. d4 Nf6 2. c4 g6 3. Nc3 Bg7 4. Nf3 O-O 5. g3 d6 6. Bg2 Nbd7 7. O-O e5 8. e4 c6 9. h3 exd4 10. Nxd4 Qb6 11. Nde2 Nc5 12. b3 Re8 13. Be3 Qc7 14. Qc2 a5 15. Rad1 Bd7 16. Bf4 Re6 17. f3 Rd8 18. g4 Bc8 19. Bg3 Qb6 20. Kh2 a4 21. bxa4 Qb4 22. Nd4 Ree8 23. Nb3 Qxc4 24. Rd4 Nxg4+ 25. fxg4 Bxd4 26. Nxd4 Qxd4 27. Rd1 Qc4 28. Bxd6 Nxa4 29. Qxa4 Qxc3 30. e5 Rxe5 31. Bb4 Qd4 32. Rxd4 Rxd4 33. Qb3 Re8 34. a3 Be6 35. Qc3 Rdd8 36. Qf6 Bd5 37. Bc3 Kf8 38. Qg7+ Ke7 39. Bf6+ Ke6 40. Bxd8 Rxd8 41. Bxd5+ Rxd5 42. Qxh7 Rd2+ 43. Kg3 Rd3+ 44. Kh4 Rxa3 45. Kg5 Ra5+ 46. Kh6 Ra8 47. h4 b5 48. Qg7 b4 49. Qd4 Rb8 50. Qc4+ Kd7 51. Qxf7+ Kc8 52. Qf8+ Kc7 53. Qe7+ Kc8 54. Qe6+ Kc7 55. Qe5+ Kc8 56. Kxg6 b3 57. Qb2 c5 58. h5 Kd7 59. h6 c4 60. h7 Kc6 61. h8=Q Rxh8 62. Qxh8 Kb5 63. Qc3 Ka4 64. Qxc4+ Ka3 65. Qa6+ Kb4 66. Qb6+ Kc3 67. Kf7 b2 68. g5 Kc2 69. g6 b1=Q 70. Qxb1+ Kxb1 71. g7 1-0


[Site "https://www.chess.com"]

[Event "Titled Tuesday Blitz August 17 2021"]
[White "Von Buelow, Georg"]
[Black "Janaszak, Dawid"]
[WhiteFideId "4620658"]
[BlackFideId "1119206"]
[WhiteElo "2198"]
[BlackElo "2332"]
[Result "0-1"]
[Round "09"]
[TimeControl "180+1"]
[Date "2021.08.18"]
[WhiteClock "0:00:10"]
[BlackClock "0:00:20"]

1. e4 c6 2. d4 g6 3. Nc3 Bg7 4. Nf3 d6 5. h3 Nd7 6. Be3 b5 7. Qd2 b4 8. Ne2 a5 9. Ng3 Qc7 10. Bd3 c5 11. c3 Ngf6 12. O-O O-O 13. Rfe1 Ba6 14. Bxa6 Rxa6 15. Bh6 bxc3 16. bxc3 cxd4 17. cxd4 Rc8 18. Bxg7 Kxg7 19. e5 Nd5 20. e6 fxe6 21. Ng5 Nf8 22. Qe2 Ra7 23. Qf3 Nf6 24. Rad1 Qc3 25. Re3 Qc4 26. a3 Qd5 27. Qe2 Qc4 28. Nxe6+ Nxe6 29. Rxe6 Qxe2 30. Rxe2 Rb7 31. Rd3 a4 32. Ne4 Nxe4 33. Rxe4 Kf7 34. d5 Rb3 35. Rdd4 Rxa3 36. Rf4+ Ke8 37. Rxa4 Rxa4 38. Rxa4 Rc1+ 39. Kh2 Rd1 40. Ra8+ Kf7 41. Rh8 Kg7 42. Re8 Kf6 43. Rh8 h5 44. Rf8+ Kg7 45. Re8 Kf7 46. Rh8 Rxd5 47. Rh7+ Kf6 48. h4 Rd3 49. g3 d5 50. Kg2 d4 51. Rh8 Rd1 52. Kf3 d3 53. Rd8 e5 54. Rd6+ Kf5 55. Rd5 Re1 56. Kg2 Ke4 57. Rd6 Re2 58. Kf1 Ra2 59. Ke1 Re2+ 60. Kf1 Ra2 61. Ke1 Ra3 62. Kd2 Kf3 63. Rxd3+ Rxd3+ 64. Kxd3 Kxf2 65. Ke4 Kxg3 66. Kxe5 Kxh4 67. Kf6 Kg3 68. Kxg6 h4 69. Kh5 h3 70. Kg5 h2 71. Kf5 h1=Q 72. Ke5 Qf3 0-1


[Site "https://www.chess.com"]

[Event "Titled Tuesday Blitz August 17 2021"]
[White "Weetik, Vjacheslav"]
[Black "Bortnyk, Olexandr"]
[WhiteFideId "4153472"]
[BlackFideId "14120828"]
[WhiteElo "2469"]
[BlackElo "2723"]
[Result "0-1"]
[Round "09"]
[TimeControl "180+1"]
[Date "2021.08.17"]
[WhiteClock "0:00:03"]
[BlackClock "0:00:04"]

1. e4 Nf6 2. e5 Nd5 3. d4 d6 4. Nf3 dxe5 5. Nxe5 c6 6. Be2 Bf5 7. g4 Be6 8. c4 Nb4 9. Be3 Nd7 10. f4 Nxe5 11. fxe5 f6 12. a3 Na6 13. Nc3 fxe5 14. d5 Bd7 15. O-O g6 16. c5 Nc7 17. Bc4 e6 18. Qf3 Qh4 19. dxe6 O-O-O 20. exd7+ Rxd7 21. Rad1 Rxd1 22. Rxd1 h5 23. h3 Be7 24. Ne4 Rf8 25. Qg2 hxg4 26. Qxg4+ Qxg4+ 27. hxg4 Rf3 28. Bd2 Nd5 29. Kg2 Rf8 30. Bh6 Rh8 31. Bc1 Rd8 32. Kg3 Kc7 33. b4 b5 34. Bb3 a5 35. bxa5 Bf8 36. Bg5 Ra8 37. Bxd5 cxd5 38. Rxd5 Rxa5 39. Bd8+ Kc6 40. Rxe5 Rxa3+ 41. Kf4 b4 42. Be7 Bg7 43. Re6+ Kd7 0-1


[Site "https://www.chess.com"]

[Event "Titled Tuesday Blitz August 17 2021"]
[White "Yaran, Siar"]
[Black "Eynullayev, Atilla"]
[WhiteFideId "6323006"]
[BlackFideId "13413570"]
[WhiteElo "1977"]
[BlackElo "1997"]
[Result "1-0"]
[Round "09"]
[TimeControl "180+1"]
[Date "2021.08.17"]
[WhiteClock "0:01:31"]
[BlackClock "0:01:46"]

1. e4 c5 2. Nf3 e6 3. Nc3 Nc6 4. d4 cxd4 5. Nxd4 a6 6. a3 Nf6 7. Be2 Qc7 8. O-O Be7 9. Be3 O-O 10. f4 d6 11. Qe1 Nxd4 12. Bxd4 e5 13. fxe5 dxe5 14. Qg3 Bc5 15. Bxc5 Qxc5+ 16. Kh1 Kh8 17. Qh4 Qc6 18. Nd5 Nxd5 19. exd5 Qxd5 20. Bc4 Qd7 21. Rad1 Qc7 22. Rxf7 Bd7 23. Rdxd7 1-0


[Site "https://www.chess.com"]

[Event "Titled Tuesday Blitz August 17 2021"]
[White "Zhigalko, Sergei"]
[Black "Nakamura, Hikaru"]
[WhiteFideId "13502956"]
[BlackFideId "2016192"]
[WhiteElo "2662"]
[BlackElo "2900"]
[Result "0-1"]
[Round "09"]
[TimeControl "180+1"]
[Date "2021.08.17"]
[WhiteClock "0:00:07"]
[BlackClock "0:00:42"]

1. e4 e5 2. Nf3 Nc6 3. Bc4 Bc5 4. b4 Bb6 5. a4 a6 6. Nc3 Nf6 7. Nd5 Nxe4 8. O-O O-O 9. d3 Nxf2 10. Rxf2 Bxf2+ 11. Kxf2 h6 12. Kg1 d6 13. Qe1 Be6 14. Qg3 Kh8 15. Bd2 Ne7 16. Nxe7 Qxe7 17. Rf1 Bxc4 18. dxc4 Qe6 19. Nh4 Rae8 20. Nf5 Qg6 21. Qh3 Re6 22. Rf3 Qh7 23. Be3 h5 24. Qh4 g6 25. Ng3 f5 26. Ne4 Qe7 27. Ng5 f4 28. Bd2 Rf5 0-1


[Site "https://www.chess.com"]

[Event "Titled Tuesday Blitz August 17 2021"]
[White "Zhuravleva, Olga"]
[Black "Agibileg, Uurtsaikh"]
[WhiteFideId "4145933"]
[BlackFideId "4901606"]
[WhiteElo "2119"]
[BlackElo "2150"]
[Result "0-1"]
[Round "09"]
[TimeControl "180+1"]
[Date "2021.08.17"]
[WhiteClock "0:00:01"]
[BlackClock "0:00:54"]

1. e4 c5 2. Nf3 e6 3. d4 cxd4 4. Nxd4 Nc6 5. Nc3 Qc7 6. f4 Bb4 7. Nxc6 bxc6 8. Qf3 d5 9. Bd2 Nf6 10. e5 Nd7 11. Bd3 Bb7 12. O-O O-O 13. Qh3 g6 14. Rae1 c5 15. f5 exf5 16. Bh6 Rfe8 17. Bf4 Qb6 18. Kh1 c4 19. Bxf5 Nf8 20. Bg4 d4 21. Ne4 Bxe1 22. Nf6+ Kh8 23. Bh6 Rxe5 24. Bxf8 Qxf6 25. Rxf6 Rxf8 26. Bf3 Bb4 27. g4 Be7 28. Rf4 Bg5 29. Bxb7 Bxf4 30. Qf3 g5 31. Be4 Rfe8 32. Bf5 Re1+ 33. Kg2 R8e2+ 34. Qf2 Rxf2+ 0-1


[Site "https://www.chess.com"]

[Event "Titled Tuesday Blitz August 17 2021"]
[White "Agibileg, Uurtsaikh"]
[Black "Shimelkov, Vasiliy"]
[WhiteFideId "4901606"]
[BlackFideId "13701630"]
[WhiteElo "2150"]
[BlackElo "2073"]
[Result "0-1"]
[Round "10"]
[TimeControl "180+1"]
[Date "2021.08.17"]
[WhiteClock "0:00:04"]
[BlackClock "0:00:19"]

1. d4 d5 2. c4 e6 3. Nc3 Be7 4. Bf4 Nf6 5. cxd5 exd5 6. e3 O-O 7. Bd3 b6 8. Nge2 Bb7 9. O-O c5 10. dxc5 bxc5 11. h3 Nc6 12. Rc1 Rc8 13. Bf5 Ra8 14. Na4 c4 15. Nac3 g6 16. Bb1 Qa5 17. Qd2 Rfd8 18. Rfd1 Rac8 19. Nd4 Nxd4 20. Qxd4 Qb6 21. Qe5 Bf8 22. e4 d4 23. Na4 Qb4 24. Qxf6 Bg7 25. Qh4 Qxa4 26. Bh6 d3 27. Bxg7 Kxg7 28. e5 d2 29. Rc2 Qc6 30. Qf6+ Qxf6 31. exf6+ Kxf6 32. Rcxd2 Rxd2 33. Rxd2 Ke6 34. Bc2 Bd5 35. Ba4 c3 36. bxc3 Rxc3 37. Re2+ Kd6 38. Re8 Bxa2 39. Rd8+ Kc5 40. Rd7 a5 41. Rb7 Ra3 42. Be8 Bd5 43. Ra7 Kb4 44. Bxf7 Bxf7 45. Rxf7 a4 46. Rb7+ Kc3 47. Rxh7 Rb3 48. Ra7 a3 49. g4 Kb2 50. Kg2 a2 51. Rxa2+ Kxa2 52. f3 Kb2 53. Kg3 Kc3 54. Kf4 Rb5 55. h4 Kd4 56. g5 Kd5 57. Kg4 Ke6 58. h5 Rb4+ 59. f4 gxh5+ 60. Kxh5 Rxf4 61. Kg6 Rg4 62. Kh6 Kf5 63. Kh7 Rxg5 0-1


[Site "https://www.chess.com"]